 Dungeon Crawl Stone Soup version 0.14.0-15-g6b16f67 (webtiles) character file.

255 Heini the Skirmisher (level 5, -1/47 HPs)
             Began as a Hill Orc Fighter on Apr 18, 2014.
             Killed from afar by Ijyb (9 damage)
             ... with a wand of flame
             ... on Level 3 of the Dungeon.
             The game lasted 00:04:39 (2052 turns).

Heini the Skirmisher (Hill Orc Fighter)             Turns: 2052, Time: 00:04:40

HP  -1/47        AC  7     Str 25      XL: 5   Next:  5%
MP   5/5         EV  7     Int  8      God:
Gold 134         SH 19     Dex 10      Spells:  0 memorised,  4 levels left

rFire  . . .     SeeInvis .     a - +0 war axe
rCold  . . .     Clarity  .     b - +0 scale mail
rNeg   . . .     Conserve .     c - +0 shield
rPois  .         rCorr    .     (no helmet)
rElec  .         rRot     .     (no cloak)
SustAb . .       Spirit   .     (no gloves)
rMut   .         Warding  .     (no boots)
Saprov + . .     Stasis   .     (no amulet)
MR     .....                    (no ring)
                                (no ring)

@: mighty, not resistant to hostile enchantments, extremely unstealthy
A: saprovore 1
a: no special abilities


You were on level 3 of the Dungeon.
You were not hungry.

You visited 1 branch of the dungeon, and saw 3 of its levels.

You collected 134 gold pieces.

Inventory:

Hand weapons
 a - a +0,+0 war axe (weapon)
Armour
 b - a +0 scale mail (worn)
 c - a +0 shield (worn)
Comestibles
 d - a meat ration
 h - a pear
 n - a choko
 p - a bread ration
Scrolls
 i - a scroll of remove curse {unknown}
 m - a scroll of teleportation {unknown}
 o - a scroll of magic mapping {unknown}
 q - a scroll of recharging {unknown}
 s - 2 scrolls of identify {unknown}
 u - a scroll of fog {unknown}
Jewellery
 k - an uncursed ring of magical power {unknown}
 l - an uncursed ring of see invisible {unknown}
 r - a +3 ring of intelligence {unknown}
Potions
 f - a potion of resistance {unknown}
 j - 4 potions of heal wounds {unknown}
 t - 2 potions of curing {unknown}


   Skills:
 * Level 4.8 Fighting
 * Level 4.2 Axes
 * Level 4.4 Armour
 - Level 3.4 Shields


You had 4 spell levels left.
You didn't know any spells.

Dungeon Overview and Level Annotations

Branches:
Dungeon (3/15)

Altars:

Annotations:
D:3 Ijyb


Innate Abilities, Weirdness & Mutations

You can tolerate rotten meat.


Message History

Ijyb hits you but does no damage.
Ijyb zaps a wand.
The puff of flame hits you!
Your shield prevents you from hitting Ijyb.
Ijyb is lightly wounded.
You block Ijyb's attack.
You closely miss Ijyb.
Ijyb is lightly wounded.
Ijyb zaps a wand.
The puff of flame hits you!
Your scroll labeled AQAGAZ NOEF catches fire!
* * * LOW HITPOINT WARNING * * *
Drink which item? (? for menu, Esc to quit)
You feel very mighty all of a sudden. You block Ijyb's attack.
All of the chunks of flesh in your inventory have completely rotted away.
You barely miss Ijyb.
Ijyb is lightly wounded.
You block Ijyb's attack.
You closely miss Ijyb.
Ijyb is lightly wounded.
Ijyb zaps a wand.
The puff of flame hits you!
You die...

.......# ...# #.#........#.####
.......# #...####.#........#.....
.......# #........#.#############
#.###### #........#..........)...
#.# #........#..........#### #.#
###......#..........# #
#.##########.....(#..........# #
#..........'......#..........# #
############....@##.%.......<####
............g............#...
####################)#########.##
......# #.....%....#)# #.##
....#.###.########.#.# #...
....#.....# #.#.# #..#
)#..##############.#.# #..# .#..#
#.........#.#.# #..# .#..#
#.#######.#.#.# #..#


You could see Ijyb.

Vanquished Creatures
  An orc priest (D:3)
  An adder (D:1)
  A giant mite (D:3)
  A worm (D:3)
  A giant eyeball (D:3)
  2 giant geckos (D:3)
  2 oozes
  4 orcs (D:3)
  3 ball pythons
  8 bats
  2 giant cockroaches
  10 hobgoblins
  A jackal (D:3)
  6 kobolds
  4 giant newts
  9 goblins
  7 rats
63 creatures vanquished.

Notes
Turn   | Place    | Note
--------------------------------------------------------------
     0 | D:1      | Heini, the Hill Orc Fighter, began the quest for the Orb.
     0 | D:1      | Reached XP level 1. HP: 19/19 MP: 1/1
   164 | D:1      | Reached XP level 2. HP: 20/27 MP: 2/2
   207 | D:1      | Reached skill level 4 in Fighting
   429 | D:1      | Reached XP level 3. HP: 26/33 MP: 3/3
   931 | D:3      | Reached XP level 4. HP: 41/41 MP: 4/4
  1711 | D:3      | Reached XP level 5. HP: 47/47 MP: 5/5
  2037 | D:3      | Noticed Ijyb
  2052 | D:3      | Killed from afar by Ijyb

Action                   |  1- 3 |  4- 6 || total
-------------------------+-------+-------++-------
Melee: War axe           |   120 |    64 ||   184
  Use: Potion            |       |     2 ||     2
